 Dungeon Crawl Stone Soup version 0.28.0-1-gb440e238dd (webtiles) character file.

Game seed: 10462744449967499280

877 PoweredByGinger the Blocker (level 7, 0/57 HPs)
             Began as a Minotaur Fighter on Feb 19, 2022.
             Was a Follower of Okawaru.
             Slain by a water moccasin (7 damage)
             ... on level 5 of the Dungeon.
             The game lasted 00:04:28 (5415 turns).

PoweredByGinger the Blocker (Minotaur Fighter)      Turns: 5415, Time: 00:04:30

Health: 0/57       AC:  6    Str: 23    XL:     7   Next: 75%
Magic:  6/6        EV:  9    Int:  5    God:    Okawaru [*.....]
Gold:   352        SH:  5    Dex:  9    Spells: 6/6 levels left

rFire   . . .      SeeInvis .   a - +0 war axe
rCold   . . .      Faith    .   c - +0 buckler
rNeg    . . .      Spirit   .   e - +0 scale mail
rPois   .          Reflect  .   (helmet restricted)
rElec   .          Harm     .   r - scarf {+Inv}
rCorr   .          Rampage  .   (no gloves)
Will    .....                   (no boots)
Stlth   ..........              (no amulet)
HPRegen 0.19/turn               (no ring)
MPRegen 0.10/turn               (no ring)

@: lethally poisoned (0 -> -1), attractive
A: horns 2, retaliatory headbutt
a: Renounce Religion, Evoke Invisibility, Heroism


You were on level 5 of the Dungeon.
You worshipped Okawaru.
Okawaru was aware of your devotion.
You visited 1 branch of the dungeon, and saw 5 of its levels.

You collected 352 gold pieces.

Inventory:

Hand Weapons
 a - a +0 war axe (weapon)
 b - a +2 flail of protection
 s - a +1 shortbow of flaming
Missiles
 t - 40 arrows
Armour
 c - a +0 buckler (worn)
 e - a +0 scale mail (worn)
 r - a scarf of invisibility (worn)
Wands
 j - a wand of iceblast (4)
 k - a wand of polymorph (8)
 u - a wand of mindburst (6)
Scrolls
 g - 2 scrolls of vulnerability {unknown}
 h - 2 scrolls of blinking {unknown}
 i - a scroll of teleportation {unknown}
 l - a scroll of enchant armour {unknown}
 n - 3 scrolls of magic mapping {unknown}
 o - 3 scrolls of identify {unknown}
 w - a scroll of summoning {unknown}
Potions
 d - a potion of might
 f - 2 potions of flight
 m - a potion of attraction
 p - a potion of brilliance


   Skills:
 - Level 3.6 Fighting
 + Level 7.8 Axes
 - Level 3.6 Armour
 + Level 8.3 Shields


You had 6 spell levels left.
You didn't know any spells.
Your spell library contained the following spells:

 Spells                   Type           Power      Damage    Failure   Level
 Foxfire                  Conj/Fire      0%         2x1d4     86%         1
 Sandblast                Erth           0%         2d4       86%         1
 Shock                    Conj/Air       0%         1d3       86%         1
 Slow                     Hex            0%         N/A       86%         1
 Passwall                 Tmut/Erth      0%         N/A       94%         2
 Confusing Touch          Hex            0%         N/A       99%         3
 Stone Arrow              Conj/Erth      0%         3d7       99%         3
 Swiftness                Air            0%         N/A       99%         3
 Vampiric Draining        Necr           0%         2d6       99%         3
 Airstrike                Air            0%         N/A       100%        4


Dungeon Overview and Level Annotations

Branches:
Dungeon (5/15)
 Temple: D:4-7

Altars:
Okawaru
The Shining One

Shops:
D:5 (

Annotations:
D:4 3 runed translucent doors, rrix's ghost, novice DsVM


Innate Abilities, Weirdness & Mutations

You have a pair of horns on your head.
You reflexively headbutt those who attack you in melee.


Message History

The water moccasin barely misses you. You furiously retaliate!
You headbutt the water moccasin, but do no damage.
The water moccasin bites you.
You barely miss the water moccasin. You headbutt the water moccasin.
The water moccasin is moderately wounded.
The water moccasin bites you. x2
You are poisoned.
The water moccasin poisons you!
You closely miss the water moccasin.
The water moccasin is moderately wounded.
You feel very sick. The water moccasin bites you.
You closely miss the water moccasin.
The water moccasin is moderately wounded.
You feel sick. You block the water moccasin's attack.
The water moccasin bites you!
* * * LOW HITPOINT WARNING * * *
It was a potion of flight.
You feel very buoyant.
You fly up into the air.
You feel sick. The water moccasin barely misses you.
It was a potion of attraction.
You feel attractive to monsters.
You feel sick.
The water moccasin bites you but does no damage.
The water moccasin barely misses you.
It was a potion of brilliance.
You feel clever all of a sudden.
You feel sick. You block the water moccasin's attack.
It was a potion of resistance.
You feel protected.
You feel sick.
The water moccasin bites you but does no damage.
It was a potion of cancellation.
Your magical effects are unravelling.
You feel magically purged.
You float gracefully downwards.
You feel a little less clever now.
Your resistance to elements expires.
You feel sick.
The water moccasin bites you but does no damage.
The water moccasin bites you!
You die...

...###..##...##
..###..##.....##
...#..##...8...##
#....##...###...##
.#..##...##8##...##
.####...##...##...##
. ...##.....##...##
. .# .......##...# .
..._..hS@...#
.......##...#
#.....# ...## ##...#
$..## ### ##8# ..##
###.## ## ..#
##....# .### ###
......# #.####.#
......# ##..#..##


You could see a water moccasin and a black bear.

Vanquished Creatures
  A black bear (D:5)
  A sky beast (D:5)
  A necrophage (D:5)
  A centaur (D:5)
  A phantom (D:5)
  A water moccasin skeleton (D:5)
  A wyvern skeleton (D:5)
  A howler monkey (D:4)
  A bullfrog zombie (D:5)
  A jelly (D:5)
  2 hounds
  A howler monkey zombie (D:4)
  3 gnolls
  9 adders
  An adder skeleton (D:4)
  A worm (D:2)
  3 dart slugs
  4 orcs
  12 ball pythons
  4 bats
  4 endoplasms
  4 giant cockroaches
  7 goblins
  10 hobgoblins
  6 kobolds
  A quokka (D:2)
  5 frilled lizards
  6 rats
93 creatures vanquished.

Vanquished Creatures (others)
  4 fungi (D:3)
  46 plants
50 creatures vanquished.

Grand Total: 143 creatures vanquished

Notes
Turn   | Place    | Note
-------+----------+-------------------------------------------
     0 | D:1      | PoweredByGinger the Minotaur Fighter began the quest for
                  | the Orb.
     0 | D:1      | Reached XP level 1. HP: 19/19 MP: 0/0
   365 | D:1      | Reached skill level 4 in Shields
   365 | D:1      | Reached XP level 2. HP: 2/26 MP: 1/1
  1240 | D:1      | Reached XP level 3. HP: 26/31 MP: 2/2
  2379 | D:2      | Reached skill level 5 in Shields
  2379 | D:2      | Reached XP level 4. HP: 39/39 MP: 3/3
  2710 | D:3      | Found a faded altar of an unknown god.
  2722 | D:3      | Got Plato's Catalogue of Conjuration
  3198 | D:3      | Reached XP level 5. HP: 36/45 MP: 4/4
  3640 | D:4      | Reached skill level 5 in Axes
  3716 | D:4      | Reached skill level 6 in Shields
  3746 | D:4      | Found an iron altar of Okawaru.
  3757 | D:4      | Became a worshipper of Warmaster Okawaru
  3898 | D:4      | Found a runed translucent gate.
  3898 | D:4      | Found a runed translucent gate.
  3898 | D:4      | Found a runed translucent gate.
  3899 | D:4      | Noticed rrix's ghost (novice DsVM)
  4232 | D:5      | Entered Level 5 of the Dungeon
  4232 | D:5      | Noticed an ogre
  4259 | D:5      | Noticed a necrophage
  4264 | D:5      | Killed a necrophage
  4265 | D:5      | Reached XP level 6. HP: 32/51 MP: 5/5
  4521 | D:5      | Reached skill level 7 in Shields
  4689 | D:5      | Reached XP level 7. HP: 46/57 MP: 6/6
  4805 | D:5      | Reached * piety under Okawaru
  4946 | D:5      | Reached skill level 8 in Shields
  5135 | D:5      | Found Wipialuud's Weapon Shop.
  5399 | D:5      | Found a glowing golden altar of the Shining One.
  5415 | D:5      | Slain by a water moccasin

Illustrated notes

Levels and vault maps discovered:
D:1:      roderic_crop_circles_arrival_small, layout_loops_corners,
          minmay_distorted
D:2:      layout_basic
D:3:      layout_loops_ring, shapermc_ecumenical_altar_rom_forum
D:4:      layout_loops_ring, okawaru_trees_2, ebering_ghost_rock_garden,
          kennysheep_decorative_pillar
D:5:      layout_layer_cave, temple_statues, serial_shops, nicolae_square_shop,
          grunt_ministairs_8, kennysheep_flooded_box, st_stairs_10,
          mrwooster_statue_mirror, kennysheep_diamond,
          nicolae_inconvenience_store, minivault_26

Skill      XL: |  1  2  3  4  5  6  7 |
---------------+----------------------+-----
Axes           | 3 4 6 7 |  7.8
Shields        | 4 5 6 7 8 |  8.3
Fighting       | |  3.6
Armour         | |  3.6

Action                   |  1- 3 |  4- 6 |  7- 9 || total
-------------------------+-------+-------+-------++-------
Melee: War axe           |   118 |   125 |    42 ||   285
       Headbutt          |    24 |    16 |    10 ||    50
  Use: Potion            |       |       |     5 ||     5
Armor: Scale mail        |    35 |    57 |    31 ||   123
Dodge: Dodged            |    33 |    45 |    19 ||    97
Block: Buckler           |    22 |    20 |    20 ||    62
